Map: Oxide LE

Players

Osiris

  • Race: Terran Terran
  • League: Diamond
  • Spawn Location: 1:00

Darkblade - Winner!

  • Race: Protoss Protoss
  • League: Diamond
  • Spawn Location: 7:00

VOD

Have the link to the VOD?

Description

Time

  • Played on: Nov. 22, 2020, 11:21 a.m.
  • Length: 14:31
Show
View Real Time Build Order
Export as new Build Order

Osiris Terran 

Build Orders: Reaper Expand 

Get SALT Encoding   

  12  0:00  SCV  
  13  0:12  SCV  
  14  0:17  Supply Depot  
  14  0:24  SCV  
  15  0:38  SCV  
  15  0:40  Barracks  
  16  0:44  Refinery  
  16  0:50  SCV  
  17  1:05  SCV  
  18  1:17  SCV  
  19  1:35  Orbital Command  
  19  1:36  Reaper  
  20  1:50  Command Center  
  20  2:00  Supply Depot  
  20  2:01  SCV  
  21  2:08  Marine  
  22  2:13  SCV  
  23  2:19  Bunker  
  23  2:25  SCV  
  23  2:26  Factory  
  23  2:29  Barracks Reactor  
  24  2:37  Refinery, SCV  
  25  2:51  SCV  
  26  3:03  SCV  
  26  3:04  Orbital Command  
  27  3:07  Marine  
  27  3:08  Marine  
  27  3:10  Starport  
  27  3:11  Hellion  
  31  3:15  SCV  
  32  3:26  Marine x2  
  34  3:28  SCV  
  34  3:31  SCV  
  34  3:32  Supply Depot  
  36  3:42  Factory Tech Lab  
  36  3:43  SCV  
  37  3:50  Marine  
  37  3:51  Marine  
  37  3:53  SCV  
  39  3:56  SCV  
  40  4:08  SCV  
  40  4:09  SCV  
  42  4:10  Factory Tech Lab, Barracks  
  42  4:11  Marine x2, Raven  
  42  4:13  Barracks  
  46  4:20  SCV  
  46  4:21  SCV  
  46  4:22  Refinery  
  46  4:23  Engineering Bay  
  48  4:28  Siege Tank  
  51  4:34  SCV  
  51  4:35  Marine x2  
  54  4:41  Supply Depot  
  54  4:42  SCV  
  53  4:46  SCV  
  53  4:47  Supply Depot  
  54  5:04  Bunker  
  54  5:07  Stimpack  
  54  5:15  Factory Tech Lab, Supply Depot  
  54  5:16  Combat Shield, Supply Depot  
  54  5:17  Marine  
  54  5:18  Marine, Marauder x2  
  54  5:19  Starport Reactor  
  54  5:20  SCV x2  
  62  5:22  Terran Infantry Weapons Level 1  
  62  5:25  Refinery  
  62  5:32  SCV  
  62  5:33  SCV  
  62  5:34  Siege Tank  
  67  5:38  Marine x2  
  67  5:41  Marauder, Supply Depot  
  71  5:44  SCV  
  71  5:46  Marauder, SCV  
  75  5:52  Supply Depot  
  75  5:56  SCV  
  76  5:57  Marine x2  
  76  5:58  Medivac  
  76  6:02  SCV  
  76  6:03  Marauder  
  83  6:09  Marauder  
  83  6:10  SCV  
  86  6:15  Marine x2, Supply Depot  
  86  6:16  Supply Depot  
  88  6:18  Medivac  
  90  6:26  Marauder  
  92  6:36  Command Center  
  92  6:41  Marine x2, Marauder  
  92  6:42  Medivac, Factory Reactor  
  98  6:54  Barracks  
  98  6:57  Barracks  
  98  7:01  Marine x2  
  99  7:02  Marauder  
  102  7:10  Supply Depot x2, SCV x2  
  104  7:27  Marine x2  
  106  7:36  Marauder x2, Widow Mine, Medivac  
  106  7:37  Medivac, Widow Mine  
  117  7:39  SCV x2  
  117  7:40  Terran Infantry Armor Level 1  
  117  7:44  Barracks Reactor  
  119  7:45  Marine, Marauder  
  119  7:46  Concussive Shells  
  119  7:49  Supply Depot  
  122  7:52  Supply Depot  
  122  8:11  Marine x4  
  113  8:14  Marauder  
  119  8:20  Widow Mine x2, Medivac x2  
  119  8:21  Marine x2  
  125  8:28  Marine  
  125  8:29  Marine x2, Marauder  
  116  8:35  Marauder  
  118  8:43  Widow Mine x2  
  118  8:47  Marauder  
  124  8:51  Marine x3, Marauder  
  129  8:56  Marauder  
  129  9:00  Refinery  
  131  9:09  Marauder  
  133  9:10  Marine x3  
  133  9:11  Marine  
  133  9:12  Marauder, Widow Mine  
  141  9:18  Marauder  
  141  9:30  Marauder  
  143  9:33  Marauder  
  143  9:37  Marine x3  
  143  9:38  Marine  
  148  9:39  Marauder, Widow Mine x2  
  145  10:00  Marine x3  
  145  10:02  Marine x3  
  145  10:03  Marauder  
  145  10:04  Widow Mine x2, Medivac  
  145  10:06  Orbital Command  
  159  10:12  Medivac  
  161  10:18  Marine x2  
  161  10:20  Marauder  
  161  10:24  Marine x2, Marauder  
  165  10:31  Supply Depot  
  165  10:38  Refinery  
  165  10:53  Marine x4, Marauder, Widow Mine  
  165  10:56  Ghost Academy  
  173  11:01  Starport  
  173  11:09  Bunker  
  173  11:11  Supply Depot  
  173  11:13  SCV x2, Marauder, Medivac x2, Supply Depot  
  181  11:21  Command Center, Marine  
  181  11:22  Marine x2  
  181  11:23  Widow Mine  
  181  11:24  Marauder, Widow Mine  
  181  11:25  Marauder  
  169  11:46  Viking x2, Marauder x2  
  173  11:47  Marine x2, Widow Mine  
  173  11:48  Widow Mine  
  179  11:59  Armory  
  179  12:01  Starport Reactor, Engineering Bay  
  168  12:17  Marauder  
  168  12:18  Viking x2  
  168  12:19  Marine x2  
  170  12:31  Marauder, Unknown  
  170  12:35  Marauder, Unknown  
  170  12:36  Marine x2, Widow Mine x2  
  166  12:39  Marauder  
  145  12:47  Marine x2  
  145  12:49  Viking x3  
  114  12:51  Planetary Fortress  
  114  12:52  SCV  
  114  12:53  Marauder  
  114  12:54  Marine  
  114  13:00  Viking  
  118  13:12  Widow Mine x2  
  124  13:13  Marauder  
  124  13:14  Marauder  
  126  13:24  Viking x3  
  126  13:25  Marine x3  
  135  13:28  Unknown  
  126  13:52  Marine x2, Viking  
  126  13:54  Viking, Marine x2  
  138  13:56  Viking x2  
  113  14:13  Marine x2  
  107  14:20  Unknown x3  
Show
View Real Time Build Order
Export as new Build Order

Darkblade Protoss - Winner!

Build Orders:  

Get SALT Encoding   

  12  0:00  Probe  
  13  0:13  Probe  
  14  0:19  Pylon  
  14  0:25  Probe  
  15  0:37  Probe (Chrono Boost)  
  16  0:46  Probe (Chrono Boost)  
  17  0:51  Probe (Chrono Boost)  
  18  1:03  Probe  
  19  1:10  Nexus  
  19  1:16  Probe  
  20  1:23  Gateway  
  20  1:28  Probe, Assimilator  
  21  1:33  Assimilator  
  21  1:40  Probe  
  22  1:47  Pylon  
  22  1:52  Probe  
  23  2:05  Probe  
  23  2:08  Zealot (Chrono Boost)  
  24  2:12  Cybernetics Core  
  26  2:18  Gateway  
  26  2:20  Probe  
  27  2:24  Probe  
  28  2:33  Probe  
  28  2:36  Probe  
  30  2:45  Probe  
  30  2:48  Stalker (Chrono Boost), Probe  
  33  2:53  Warp Gate (Chrono Boost)  
  33  2:57  Probe  
  34  3:01  Probe  
  34  3:03  Twilight Council  
  35  3:11  Stalker  
  37  3:16  Probe  
  37  3:18  Probe  
  39  3:23  Pylon  
  39  3:28  Probe  
  38  3:41  Probe x2  
  40  3:53  Probe x2  
  42  4:02  Shield Battery  
  42  4:05  Probe  
  42  4:06  Probe, Templar Archives  
  42  4:11  Charge  
  42  4:18  Probe x2  
  42  4:23  Nexus  
  44  4:27  Pylon  
  44  4:30  Probe x2  
  46  4:34  Psionic Storm  
  46  4:35  Stalker  
  48  4:42  Probe x2  
  50  4:49  Assimilator  
  50  4:51  High Templar  
  50  4:52  Assimilator  
  52  4:54  Probe  
  52  4:59  Pylon  
  53  5:07  Probe  
  54  5:11  Zealot  
  56  5:18  Gateway  
  56  5:24  Gateway  
  56  5:25  Gateway, High Templar  
  56  5:27  Probe x2, Gateway  
  60  5:33  Robotics Facility  
  60  5:35  Pylon  
  60  5:38  Probe  
  60  5:39  Probe  
  62  5:48  High Templar  
  65  5:50  Probe x2  
  65  5:51  Pylon  
  66  5:57  Forge  
  66  5:58  Forge  
  66  6:00  High Templar  
  66  6:02  Probe  
  69  6:10  Probe  
  69  6:11  Probe  
  71  6:16  Zealot  
  73  6:19  Probe  
  73  6:20  Gateway  
  73  6:23  Probe x2  
  73  6:24  Zealot, Pylon, Assimilator  
  78  6:27  Protoss Ground Weapons Level 1 (Chrono Boost), Observer (Chrono Boost)  
  78  6:28  Protoss Ground Armor Level 1 (Chrono Boost)  
  79  6:33  Probe  
  79  6:35  Probe, Zealot  
  79  6:37  Probe  
  84  6:41  Observer  
  84  6:45  Probe  
  84  6:46  Zealot  
  88  6:47  Robotics Facility  
  88  6:49  Probe x2  
  90  6:57  Probe  
  90  6:59  Assimilator  
  90  7:01  Probe  
  92  7:02  Observer  
  92  7:04  Zealot x4  
  101  7:15  Stalker x2  
  105  7:22  Zealot  
  101  7:33  Zealot x2  
  101  7:39  Pylon x2  
  101  7:55  Nexus  
  101  7:59  Zealot x5, Pylon  
  101  8:00  Zealot x2  
  113  8:17  Probe  
  113  8:19  Zealot x5  
  124  8:25  Pylon  
  124  8:26  Pylon  
  122  8:27  Pylon  
  112  8:34  Observer  
  112  8:36  Blink (Chrono Boost), Protoss Ground Armor Level 2  
  112  8:37  Protoss Ground Weapons Level 2  
  112  8:42  Probe x3  
  112  8:48  Robotics Bay  
  115  8:51  Observer, Pylon  
  115  8:52  Observer  
  115  8:53  Pylon  
  117  8:58  Zealot x6  
  117  8:59  Probe x3  
  132  9:11  Probe x3, Gateway x2  
  132  9:14  Zealot  
  127  9:21  Zealot x6  
  127  9:23  Probe  
  139  9:30  Probe  
  139  9:31  Probe  
  141  9:35  Probe  
  141  9:36  Probe  
  141  9:47  Zealot x6  
  153  9:53  Stalker  
  149  10:10  Stalker x2  
  149  10:14  Nexus  
  151  10:16  Pylon  
  151  10:22  Colossus (Chrono Boost)  
  157  10:31  Colossus (Chrono Boost), Assimilator  
  157  10:33  Pylon  
  163  10:43  Pylon  
  163  10:47  Pylon  
  163  10:49  High Templar  
  165  10:59  Pylon x2  
  165  11:00  Pylon  
  165  11:07  Colossus (Chrono Boost)  
  171  11:12  Photon Cannon  
  171  11:14  Photon Cannon  
  171  11:17  Colossus, Gateway  
  171  11:18  Protoss Ground Weapons Level 3 (Chrono Boost)  
  177  11:19  Gateway  
  177  11:21  Gateway  
  177  11:25  Observer  
  143  11:33  Zealot x4  
  139  11:48  Zealot x4  
  146  11:55  High Templar x3  
  146  11:59  Colossus  
  154  12:14  Zealot x7  
  156  12:17  High Templar  
  150  12:33  Zealot x3  
  150  12:36  Observer  
  134  12:53  Zealot x11  
  134  12:54  Observer  
  134  12:58  Warp Prism  
  157  13:01  Probe x3  
  160  13:05  Photon Cannon  
  160  13:06  Observer, Photon Cannon  
  160  13:08  Photon Cannon, Dark Shrine  
  160  13:18  Photon Cannon  
  160  13:23  Nexus  
  160  13:26  Pylon  
  158  13:53  Stalker x3  
  158  13:54  Zealot, High Templar  
  158  13:55  Zealot x2, High Templar  
  170  13:56  Zealot, Stalker  
  170  13:57  Stalker  
  170  14:08  Archon x5  
  130  14:18  Zealot x7  
Tags
 
Add a new tag
Caveats
  • Supply blocks, unpowered buildings, or Contaminate may cause inaccurate times.
  • Supply counts are checked every 10 seconds.